 Dungeon Crawl Stone Soup version 0.19.5 (webtiles) character file.

79 Gadfly the Bolt Thrower (level 4, 0/27 HPs)
             Began as a Kobold Hunter on Apr 11, 2017.
             Slain by a gnoll (7 damage)
             ... on level 3 of the Dungeon.
             The game lasted 00:05:05 (2179 turns).

Gadfly the Bolt Thrower (Kobold Hunter)             Turns: 2179, Time: 00:05:06

Health: 0/27       AC:  3    Str:  9    XL:     4   Next: 64%
Magic:  4/4        EV: 18    Int: 12    God:
Gold:   92         SH:  0    Dex: 16    Spells: 0 memorised, 3 levels left

rFire  . . .     SeeInvis .     k - -1 dagger (curse)
rCold  . . .     Gourm    .     c - +0 leather armour
rNeg   . . .     Faith    .     (shield restricted)
rPois  .         Spirit   .     (no helmet)
rElec  .         Reflect  .     (no cloak)
rCorr  .         Harm     .     (no gloves)
MR     .....                    (no boots)
Stlth  ++........               (no amulet)
                                (no ring)
                                g - +3 ring of evasion

@: no status effects
A: carnivore 3
a: no special abilities


You were on level 3 of the Dungeon.
You were completely stuffed.

You visited 1 branch of the dungeon, and saw 3 of its levels.

You collected 92 gold pieces.

Inventory:

Hand Weapons
 a - a +2 hand crossbow
 b - a +0 short sword
 k - a cursed -1 dagger (weapon)
Missiles
 d - 14 bolts
Armour
 c - a +0 leather armour (worn)
Jewellery
 g - a +3 ring of evasion (left hand)
Scrolls
 e - 3 scrolls of identify
 j - a scroll of teleportation {unknown}
 l - a scroll of enchant weapon
Potions
 i - a potion of ambrosia
Comestibles
 f - 3 meat rations
 h - a slice of pizza


   Skills:
 + Level 2.5 Fighting
 + Level 1.6 Short Blades
 + Level 5.9 Crossbows
 + Level 0.8 Armour
 + Level 2.9 Dodging
 - Level 1.3 Stealth


You had 3 spell levels left.
You didn't know any spells.

Dungeon Overview and Level Annotations

Branches:
Dungeon (3/15)

Altars:

Annotations:
D:3 Robin; Rufus's ghost, amateur NaAE


Innate Abilities, Weirdness & Mutations

You are small and have problems with some larger weapons.
You are carnivorous and can eat meat at any time.


Message History

The goblin completely misses you. The goblin barely misses you.
The gnoll completely misses you. The rat bites you but does no damage.
The goblin hits you but does no damage. The hobgoblin hits you with a club.
* * * LOW HITPOINT WARNING * * *
You are too injured to fight recklessly!
You are too injured to fight recklessly!
You are too injured to fight recklessly!
You are too injured to fight recklessly!
You are too injured to fight recklessly!
You are too injured to fight recklessly!
You are too injured to fight recklessly!
You are too injured to fight recklessly!
You are too injured to fight recklessly!
You are too injured to fight recklessly!
Unknown command.
You hit the goblin.
The goblin is heavily wounded.
The goblin misses you. The goblin barely misses you.
The goblin closely misses you. The gnoll hits you!
You die...

#............#
#............ .
#####..........# # ..
#.............# $#
...+.............##.###
...#...................
..............#...#.##
..#.......##.#g#g#.##
#.......##.#g@gg..#
#.......##.#ggrg..#
#.......##.#.gg...#
####..........#......#
...........####......#
...........# #......'.
.<........## ##.....###
..........# #.....#
.....####.#


You could see Robin, a gnoll, 4 hobgoblins, 4 goblins and a rat.

Vanquished Creatures
  2 adders
  A worm (D:2)
  4 dart slugs
  A leopard gecko (D:2)
  5 giant cockroaches
  7 goblins
  7 hobgoblins
  A jackal (D:1)
  5 kobolds
  2 quokkas (D:2)
  A ball python (D:1)
  5 bats
  4 frilled lizards (D:1)
  3 rats (D:1)
48 creatures vanquished.

Vanquished Creatures (others)
  A bat (D:2)
1 creature vanquished.

Grand Total: 49 creatures vanquished

Notes
Turn   | Place    | Note
-------+----------+-------------------------------------------
     0 | D:1      | Gadfly the Kobold Hunter began the quest for the Orb.
     0 | D:1      | Reached XP level 1. HP: 12/12 MP: 1/1
   173 | D:1      | Reached skill level 5 in Crossbows
   225 | D:1      | Reached XP level 2. HP: 18/18 MP: 2/2
   260 | D:1      | Reached XP level 3. HP: 22/22 MP: 3/3
   900 | D:2      | Reached XP level 4. HP: 27/27 MP: 4/4
   917 | D:2      | Reached skill level 1 in Short Blades
  2162 | D:3      | Noticed Robin
  2167 | D:3      | Noticed Rufus's ghost (amateur NaAE)
  2179 | D:3      | Slain by a gnoll

Skill      XL: |  1  2  3  4 |
---------------+-------------+-----
Crossbows      | 5 |  5.9
Short Blades   | 1 |  1.6
Fighting       | |  2.5
Armour         | |  0.8
Dodging        | |  2.9
Stealth        | |  1.3

Action                   |  1- 3 |  4- 6 || total
-------------------------+-------+-------++-------
Melee: Dagger            |     8 |   137 ||   145
 Fire: Hand crossbow     |    50 |       ||    50
  Use: Scroll            |     3 |     3 ||     6
       Potion            |     3 |       ||     3
 Stab: Sleeping          |     1 |       ||     1
  Eat: Chunk             |     8 |     4 ||    12
Armor: Leather armour    |     5 |    16 ||    21
Dodge: Dodged            |    32 |   137 ||   169
